 Dungeon Crawl Stone Soup version 0.31-a0-851-g7ff8af7976 (webtiles) character file.

Game seed: 16552321711664553743

6971 Aneyh the Warrior (level 11, -4/74 HPs)
             Began as a Tengu Monk on Oct 6, 2023.
             Was a Believer of Hepliaklqana.
             Succumbed to a black mamba's poison
             ... on level 8 of the Dungeon.
             The game lasted 00:15:54 (7619 turns).

Aneyh the Warrior (Tengu Monk)                      Turns: 7619, Time: 00:15:55

Health: -4/74      AC:  6    Str: 15    XL:     11   Next: 8%
Magic:  12/12      EV: 23    Int: 16    God:    Hepliaklqana [**....]
Gold:   391        SH:  0    Dex: 23    Spells: 10/10 levels left

rFire   . . .        a - +9 mace "Laojaj" {flame, Int+5 Stlth-}
rCold   . . .        (no shield)
rNeg    . . .        p - +0 ring mail of Courage {rElec Dex+6}
rPois   .            (helmet restricted)
rElec   +            i - +0 cloak
rCorr   +            (no gloves)
SInv    .            (boots unavailable)
Will    .....        (no amulet) Stlth
                     j - +5 ring of evasion
HPRegen 0.32/turn    u - ring of resist corrosion
MPRegen 0.13/turn

%: acrobat
@: confused, lethally poisoned (-4 -> -51), ambrosia-drunk, flying
A: reduced essence, beak, talons 3, evasive flight, acrobatic
a: Renounce Religion, Recall Ancestor, Ancestor Identity


You were on level 8 of the Dungeon.
You worshipped Hepliaklqana.
Hepliaklqana was pleased with you.
You visited 3 branches of the dungeon, and saw 10 of its levels.

You collected 391 gold pieces.

Inventory:

Hand Weapons
 a - the +9 mace "Laojaj" (weapon) {flame, Int+5 Stlth-}
   (You found it on level 5 of the Dungeon)

   Int+5:     It affects your intelligence (+5).
   Stlth-:    It makes you less stealthy.
 c - a +2 dire flail of holy wrath
 l - a +3 spear
 y - a +3 short sword of venom
 B - the +7 hammer of Ugoyloh {pain, MP+9 SInv}
   (You found it on level 5 of the Dungeon)

   MP+9:      It affects your magic capacity (+9).
   SInv:      It lets you see invisible.
 G - a +0 orcbow of flaming
 H - a +2 great sword of electrocution
 M - a +1 spear
 O - the +9 staff of Olgreb {rPois∞}
   (You found it on level 1 of the Lair of Beasts)

   Radiate:   It can be activated via the 'a'bility menu to radiate toxic
   energy, with effectiveness depending on Evocations skill.
   Pois:      It enhances your poison magic.
   rPois∞: It grants immunity to poison.
Armour
 b - the +4 robe of Lies {Slay+3}
   (You took it off an orc on level 8 of the Dungeon)

   Slay+3:    It affects your accuracy & damage with ranged weapons and melee
   (+3).
 d - an orb of light
 e - a +1 chain mail of willpower
 i - a +0 cloak (worn)
 p - the +0 ring mail of Courage (worn) {rElec Dex+6}
   (You found it on level 2 of the Dungeon)

   Dex+6:     It affects your dexterity (+6).
   rElec:     It insulates you from electricity.
Magical Staves
 F - the staff "Zonosil" {rN+ Dex+3 Conj Earth}
   (You found it on level 6 of the Dungeon)

   [staff of earth]

   Base accuracy: +5 Base damage: 5 Base attack delay: 1.2 This weapon's minimum
   attack delay (0.6) is reached at skill level 12.
   Dex+3:     It affects your dexterity (+3).
   rN+:       It protects you from negative energy.
   Conj:      It increases the power of your Conjurations spells.
   Earth:     It increases the power of your Earth spells.
   It falls into the 'Staves' category.
   It is a one-handed weapon.
Jewellery
 j - a +5 ring of evasion (left hand)
 u - a ring of resist corrosion (right hand)
 v - an amulet of faith
 A - a +6 ring of dexterity
 I - a ring of resist corrosion
Wands
 t - a wand of polymorph (19)
 N - a wand of acid (1)
Scrolls
 f - 3 scrolls of fog {unknown}
 g - 8 scrolls of identify {unknown}
 r - a scroll of poison {unknown}
 x - a scroll of revelation {unknown}
 C - a scroll of fear {unknown}
 E - a scroll of blinking {unknown}
 L - a scroll of enchant weapon {unknown}
Potions
 h - a potion of lignification {unknown}
 k - a potion of mutation {unknown}
 m - a potion of resistance {unknown}
 n - 2 potions of curing {unknown}
 o - 2 potions of degeneration {unknown}
 q - a potion of berserk rage {unknown}
 s - 2 potions of might
 w - a potion of brilliance {unknown}
 z - a potion of enlightenment {unknown}
 D - a potion of magic {unknown}


   Skills:
 + Level 16.2 Fighting
 - Level 3.2 Polearms
 - Level 5.0 Dodging


You had 10 spell levels left.
You didn't know any spells.
Your spell library contained the following spells:

 Spells                   Type           Power      Damage    Failure   Level
 Foxfire                  Conj/Fire      0%         2x1d4     45%         1
 Cigotuvi's Dreadful Rot  Necr/Pois/Air  0%         N/A       58%         2
 Lesser Beckoning         Tloc           0%         N/A       58%         2
 Gell's Gravitas          Tloc           0%         N/A       83%         3
 Teleport Other           Tloc           0%         N/A       83%         3
 Dispel Undead            Necr           0%         3d6       99%         4
 Death Channel            Necr           0%         N/A       100%        6
 Plasma Beam              Fire/Air       0%         2x1d10    100%        6
 Starburst                Conj/Fire      0%         6d3       100%        6


Dungeon Overview and Level Annotations

Branches:
Dungeon (8/15)             Temple (1/1) D:7            Lair (1/5) D:8

Altars:
Ashenzari
Dithmenos
Elyvilon
Fedhas
Gozag
Hepliaklqana
Makhleb
Nemelex Xobeh
Okawaru
Qazlal
Ru
Sif Muna
Trog
Uskayaw
Vehumet
Wu Jian
Xom
Yredelemnul
Zin
The Shining One

Shops:
D:7 !

Annotations:
D:5 Blork the orc
D:6 Jeremiah


Innate Abilities, Weirdness & Mutations

Your life essence is reduced to manifest your ancestor. (-10% HP)
You have a beak for a mouth.
You have claws for feet.
Your magical flight helps you evade attacks. (EV +4)
You can magically evade attacks while moving or waiting.


Message History

The black mamba attacks as it pursues you!
The black mamba misses you.
The blink frog blinks!
The black mamba barely misses you. The black mamba misses you.
The black mamba misses you. The black mamba completely misses you.
There is a staircase back to the Dungeon, spattered with blood here.
The black mamba misses you. The black mamba closely misses you.
You fly upwards.
Welcome back to the Dungeon!
There is a staircase to the Lair here.
You closely miss the black mamba. You claw the black mamba.
The black mamba is lightly wounded.
The black mamba bites you.
* * * LOW HITPOINT WARNING * * *
The black mamba bites you.
* * * LOW HITPOINT WARNING * * *
The smell of chlorine vanishes.
You feel clever.
The +9 mace "Laojaj" {flame, Int+5 Stlth-} bursts into flame!
a - the +9 mace "Laojaj" (weapon)
{flame, Int+5 Stlth-} The black mamba bites you.
* * * LOW HITPOINT WARNING * * *
You are lethally poisoned!
The black mamba poisons you!
You feel much better.
You feel very sick. The black mamba misses you. The black mamba bites you!
You are lethally poisoned!
The black mamba poisons you!
You thump the black mamba! You burn the black mamba. You claw the black mamba.
The black mamba is heavily wounded.
* * * LOW HITPOINT WARNING * * *
You feel extremely sick. The black mamba bites you!
* * * LOW HITPOINT WARNING * * *
You are more poisoned.
The black mamba poisons you! The black mamba closely misses you.
You are confused.
You feel invigorated.
You die...

#####..#####................## ##
##.....>.##...#####....## #
#..#######...# ##.).# #.##
###..## #....# # ##.#
###.....####....# ## #..#
##.........##...)## # .## #..#
##...........#.....# #
#.###..###..P...............#####
#.......#......÷@.............##.
##.............S÷.......###......
##.......#...........### #######
#.....####.........##
#....#######.....###
#..........###....## #.......####
##....####### #......##
##.........## ##.....#
##.######..##


You could see a black mamba.

Vanquished Creatures
  An elephant (D:8)
  Grinder (D:5)
  Sigmund (D:6)
  4 wyverns
  12 yaks
  Edmund (D:5)
  Duvessa (D:5)
  2 sky beasts (D:7)
  2 ogres
  3 centaurs
  A kobold brigand (D:8)
  3 bullfrogs
  3 scorpions
  Dowan (D:5)
  10 wights
  4 killer bees (D:8)
  3 hounds
  A jelly (D:4)
  2 orc priests
  3 iguanas
  A gnoll bouda (D:8)
  2 sleepcaps
  2 orc wizards
  7 adders
  8 gnolls
  2 ufetubi
  3 worms (D:2)
  2 dart slugs
  27 orcs
  4 endoplasms
  2 giant cockroaches (D:1)
  9 goblins
  6 hobgoblins
  11 kobolds
  7 quokkas
  2 ball pythons
  6 bats
  A frilled lizard (D:3)
  6 rats
167 creatures vanquished.

Vanquished Creatures (collateral kills)
  A cane toad (Lair:1)
  2 yaks
  2 basilisks (D:8)
  A steam dragon (D:8)
  4 wights
  2 killer bees (D:8)
  A howler monkey (D:8)
  2 orcs (D:8)
15 creatures vanquished.

Vanquished Creatures (others)
  A knight (Lair:1)
1 creature vanquished.

Grand Total: 183 creatures vanquished

Notes
Turn   | Place    | Note
-------+----------+-------------------------------------------
     0 | D:1      | Aneyh the Tengu Monk began the quest for the Orb.
     0 | D:1      | Reached XP level 1. HP: 14/14 MP: 2/2
   139 | D:1      | Reached XP level 2. HP: 19/19 MP: 3/3
   315 | D:1      | Reached skill level 4 in Fighting
   382 | D:1      | Reached XP level 3. HP: 24/24 MP: 4/4
   788 | D:2      | Reached XP level 4. HP: 19/30 MP: 5/5
   984 | D:2      | Identified the +0 ring mail of Courage {rElec Dex+6}
  1292 | D:2      | Reached skill level 5 in Fighting
  1731 | D:3      | Reached XP level 5. HP: 36/36 MP: 6/6
  2587 | D:4      | Reached skill level 6 in Fighting
  2915 | D:5      | Entered Level 5 of the Dungeon
  2919 | D:5      | Noticed a wyvern
  2943 | D:5      | Killed a wyvern
  2944 | D:5      | Reached skill level 7 in Fighting
  2944 | D:5      | Reached XP level 6. HP: 3/44 MP: 7/7
  3252 | D:5      | Noticed Edmund
  3294 | D:5      | Killed Edmund
  3295 | D:5      | Reached skill level 8 in Fighting
  3295 | D:5      | Gained mutation: Your magical flight helps you evade
                  | attacks. (EV +4) [Tengu growth]
  3295 | D:5      | Reached XP level 7. HP: 48/49 MP: 8/8
  3331 | D:5      | Noticed Grinder
  3343 | D:5      | Identified the +9 mace "Laojaj" {flame, Int+5 Stlth-}
  3349 | D:5      | Killed Grinder
  3612 | D:5      | Noticed Blork the orc
  3851 | D:5      | Identified the +7 hammer of Ugoyloh {pain, MP+9 SInv}
  3933 | D:5      | Noticed Duvessa
  3940 | D:5      | Reached XP level 8. HP: 55/56 MP: 9/9
  3955 | D:5      | Reached skill level 9 in Fighting
  3956 | D:5      | Noticed Dowan
  3962 | D:5      | Killed Duvessa
  3970 | D:5      | Killed Dowan
  4224 | D:6      | Noticed Sigmund
  4234 | D:6      | Killed Sigmund
  4235 | D:6      | Reached skill level 10 in Fighting
  4235 | D:6      | Reached skill level 5 in Dodging
  4375 | D:6      | Identified the staff "Zonosil" {rN+ Dex+3 Conj Earth}
  4398 | D:6      | Noticed Jeremiah
  4446 | D:5      | Reached skill level 11 in Fighting
  4446 | D:5      | Reached XP level 9. HP: 64/64 MP: 10/10
  4698 | D:6      | Reached skill level 12 in Fighting
  5103 | D:7      | Reached skill level 13 in Fighting
  5149 | D:7      | Found a staircase to the Ecumenical Temple.
  5159 | Temple   | Entered the Ecumenical Temple
  5204 | Temple   | Became a worshipper of Hepliaklqana the Forgotten
  5204 | Temple   | Reached * piety under Hepliaklqana
  5204 | Temple   | Reached ** piety under Hepliaklqana
  5249 | D:7      | Remembered your ancestor Teicuih as a knight
  5327 | D:7      | Found Zeohirin's Distillery.
  5496 | D:7      | Reached XP level 10. HP: 65/65 MP: 11/11
  5741 | D:8      | Reached skill level 14 in Fighting
  5871 | D:8      | Identified the +4 robe of Lies {Slay+3}
  5885 | D:8      | Noticed an elephant
  5903 | D:8      | Killed an elephant
  5927 | D:8      | Found a staircase to the Lair.
  6896 | D:8      | Reached skill level 15 in Fighting
  7152 | Lair:1   | Entered Level 1 of the Lair of Beasts
  7152 | Lair:1   | Noticed a cane toad
  7156 | Lair:1   | Killed a cane toad
  7501 | Lair:1   | Found the +9 staff of Olgreb {rPois∞}
  7508 | Lair:1   | Reached XP level 11. HP: 72/74 MP: 12/12
  7572 | Lair:1   | Reached skill level 16 in Fighting
  7618 | D:8      | HP: 3/74 [black mamba (15)]
  7619 | D:8      | Succumbed to a black mamba's poison

Illustrated notes

Levels and vault maps discovered:
D:1:      enne_arrival_octagon_isle, layout_basic
D:2:      layout_basic, minmay_tromino_v2
D:3:      layout_basic, dreamdust_princess_bridge
D:4:      layout_rooms
D:5:      layout_basic, uniq_blork_the_orc, uniq_crazy_yiuf_cottage,
          uniq_edmund, uniq_grinder, uniq_duvessa
D:6:      layout_cave_pools, mainiacjoe_overflow_alcove_1, slow_altar_1,
          minmay_misc_feat_x, uniq_sigmund, uniq_jeremiah
D:7:      layout_rooms, minmay_temple_entry_mini_moons, serial_shops,
          nicolae_lakefront_shop
D:8:      layout_layer_cave, david_lair_generic
Temple:   mainiacjoe_temple_cubbyholes
Lair:1:   layout_cave_pods, chequers_serial_rivers_room_a, st_stairs_12,
          lemuel_fruit_tree

Skill      XL: |  1  2  3  4  5  6  7  8  9 10 11 |
---------------+----------------------------------+-----
Fighting       | 4 5 7 8 11 13 15 16 | 16.2
Dodging        | 4 5 |  5.0
Polearms       | |  3.2

Action                     |  1- 3 |  4- 6 |  7- 9 | 10-12 || total
---------------------------+-------+-------+-------+-------++-------
  Melee: Spear             |    89 |   104 |    16 |       ||   209
         Kick              |    23 |    57 |    45 |    48 ||   173
         Peck              |    11 |    38 |    24 |    32 ||   105
         Punch             |     2 |     2 |     4 |     3 ||    11
         Short sword       |    17 |    94 |    11 |       ||   122
         Mace              |       |       |   121 |   116 ||   237
         Staff             |       |       |       |     1 ||     1
 Invoke: Ancestor Life: Kn |       |       |     1 |       ||     1
         Recall Ancestor   |       |       |       |     1 ||     1
    Use: Potion            |       |     3 |     1 |     2 ||     6
   Stab: Sleeping          |     4 |     1 |       |       ||     5
 Armour: Robe              |    23 |       |       |       ||    23
         Ring mail         |       |    43 |    68 |    57 ||   168
  Dodge: Dodged            |    42 |   137 |   240 |   209 ||   628

Table legend: (Time is in decaauts)
 A = Elapsed time spent in this place.
 B = Non-inter-level travel time spent in this place.
 C = Inter-level travel time spent in this place.
 D = Time resting spent in this place.
 E = Time spent auto-exploring this place.
 F = Levels seen in this place.
 G = Mean time per level.
                   A        B        C        D        E       F      G
               +--------+--------+--------+--------+--------+-----+--------+
         Total |   7655 |   7391 |    264 |   2006 |   3541 |  10 |  765.5 |
       Dungeon |   7271 |   7092 |    179 |   1930 |   3457 |   8 |  908.9 |
        Temple |     88 |      3 |     85 |      0 |      0 |   1 |   88.0 |
          Lair |    295 |    295 |      0 |     76 |     84 |   1 |  295.0 |
               +--------+--------+--------+--------+--------+-----+--------+

Top non-repeatable levels by time:
     D:8: 1740 daAuts
     D:5: 1463 daAuts
     D:3: 1053 daAuts
     D:2: 944 daAuts
     D:7: 590 daAuts
     D:6: 526 daAuts
     D:1: 489 daAuts
     D:4: 464 daAuts
  Lair:1: 295 daAuts
  Temple: 88 daAuts
